 Dungeon Sprint DCSS version 0.19.5 (webtiles) character file.

8377 dwjmeijer the Imperceptible (level 11, -5/46 (47) HPs)
             Began as a Spriggan Enchanter on Apr 27, 2017.
             Was the Champion of Zin.
             Slain by an orange demon (6 damage)
             ... summoned by a kobold demonologist
             ... while paralysed by a floating eye
             ... in the Dungeon (Sprint I: "Red Sonja").
             The game lasted 00:08:15 (862 turns).

dwjmeijer the Imperceptible (Spriggan Enchanter)     Turns: 862, Time: 00:08:16

HP:   -5/46 (47)    AC:  4    Str:  4    XL:     11   Next: 9%
MP:   30/33         EV:  4    Int: 16    God:    Zin [******]
Gold: 1196          SH:  0    Dex: 21    Spells: 4 memorised, 35 levels left

rFire  . . .     SeeInvis +     n - +0 dagger (distort)
rCold  . . .     Gourm    .     r - +2 robe {Archmagi}
rNeg   . . .     Faith    .     (shield restricted)
rPois  .         Spirit   .     (helmet restricted)
rElec  .         Reflect  .     (no cloak)
rCorr  .         Harm     .     (gloves unavailable)
MR     +....     NoTele   +     (boots unavailable)
Stlth  ++++++++..               (no amulet)
                                (no ring)
                                (no ring)

@: paralysed, very quick
A: unfitting armour, see invisible, herbivore 3, speed 3, slow metabolism 2
a: Recite, Vitalisation, Imprison, Sanctuary, Donate Gold, Cure All Mutations,
Renounce Religion


You were in the Dungeon.
You worshipped Zin.
Zin was exalted by your worship.
You were not hungry.

You visited 1 branch You collected 1452 gold pieces.
You spent 156 gold pieces at shops.
You donated 100 gold pieces to Zin.

Inventory:

Hand Weapons
 a - a +1 dagger
 n - a +0 dagger of distortion (weapon)
Armour
 b - a +1 robe
 o - a +0 troll leather armour
 r - a +2 robe of the Archmagi (worn)
Wands
 m - a wand of paralysis (9/24)
Scrolls
 j - a scroll of remove curse {unknown}
 k - a scroll of amnesia {unknown}
 p - 2 scrolls of identify {unknown}
 q - 3 scrolls of enchant armour {unknown}
Potions
 e - 4 potions of curing
 f - 2 potions of heal wounds
 g - a potion of haste
 h - 2 potions of magic
 i - a potion of berserk rage
 l - a potion of degeneration {unknown}
 s - a potion of invisibility
Books
 c - a book of Maledictions

   Spells                             Type                      Level
   a - Corona                         Hexes                        1
   b - Ensorcelled Hibernation        Hexes/Ice                    2
   c - Confuse                        Hexes                        3
   d - Tukima's Dance                 Hexes                        3
   e - Dazzling Spray                 Conjuration/Hexes            3
Comestibles
 d - 3 bread rations


   Skills:
 - Level 1.1 Short Blades
 - Level 3.0 Dodging
 + Level 22.0 Stealth
 - Level 17.4 Spellcasting
 + Level 17.8 Hexes
 + Level 3.1 Invocations


You had 35 spell levels left.
You knew the following spells:

 Your Spells              Type           Power        Failure   Level  Hunger
a - Corona                Hex            #######      0%          1    None
b - Ensorcelled Hibernat  Hex/Ice        ######       1%          2    None
c - Confuse               Hex            #######.     0%          3    None
d - Dazzling Spray        Conj/Hex       ######       1%          3    None


Dungeon Overview and Level Annotations

Branches:
Dungeon (1/1)

Altars:
Cheibriados
Dithmenos
Elyvilon
Fedhas
Gozag
Hepliaklqana
Kikubaaqudgha
Makhleb
Nemelex Xobeh
Okawaru
Qazlal
Ru
Sif Muna
Trog
Uskayaw
Vehumet
Xom
Yredelemnul
Zin
The Shining One
Jiyva
Lugonu

Shops:
D }}%%!*[%*([(=(![*:=[:


Innate Abilities, Weirdness & Mutations

You are very small and have problems with some larger weapons.
You are too small for most types of armour.
You have supernaturally acute eyesight. (SInv)
You are a herbivore.
You cover ground extremely quickly.
You need consume almost no food.


Message History

Aim: a kobold demonologist, wielding a dagger and wearing a runed robe (chance to defeat MR: 55%)
You feel a surge of power!
The kobold demonologist resists with some effort.
The floating eye gazes piercingly through you!
You suddenly lose the ability to move!
The kobold demonologist gestures wildly while chanting.
The kobold demonologist barely misses you.
The kobold demonologist hits you with a dagger.
The floating eye's stare focuses on you.
The kobold demonologist hits you with a dagger.
The orange demon stings you from afar!
The kobold demonologist hits you with a dagger. x2
The floating eye gazes piercingly through you!
You shrug off the repeated paralysis!
The orange demon stings you from afar!
The soul eater draws from the surrounding life force!
* * * LOW HITPOINT WARNING * * *
The kobold demonologist casts a spell.
The kobold demonologist hits you but does no damage.
The orange demon stings you from afar.
You die...

####################
'..#.)'..#__#..4@K3#
#.)'..#..'..'..#KG4#
##'#####'#__####...+
#..#...#.####..#####
####..##.#≈§§§)#..#
___##'#..+≈≈§§§'.§#
∩...'..._#≈§§.§#..#
.__##_.#'##'#####'###
___###'#.#..§[###.'.#


You could see a soul eater, an orange demon, 2 kobold demonologists, a red devil
and a floating eye.

Vanquished Creatures
  2 centaur warriors (D)
  Sonja (D)
  A deep troll (D)
  2 unseen horrors (D)
  4 shining eyes (D)
  An oklob plant (D)
  A hornet (D)
  A slime creature (D)
  2 redbacks (D)
  A yak (D)
  Sigmund (D)
  5 floating eyes (D)
  7 necrophages (D)
  An ogre (D)
  8 jellies (D)
  Ijyb (D)
  3 ballistomycetes (D)
42 creatures vanquished.

Vanquished Creatures (others)
  4 shining eyes (D)
  2 ballistomycete spores (D)
6 creatures vanquished.

Grand Total: 48 creatures vanquished

Notes
Turn   | Place    | Note
-------+----------+-------------------------------------------
     0 | D        | dwjmeijer the Spriggan Enchanter began the quest for the Orb.
     0 | D        | Reached XP level 1. HP: 9/9 MP: 5/5
     2 | D        | Noticed Ijyb
     7 | D        | Killed Ijyb
     7 | D        | Reached skill level 6 in Stealth
     7 | D        | Reached skill level 5 in Hexes
     7 | D        | Reached XP level 2. HP: 13/13 MP: 5/8
    13 | D        | Learned a level 2 spell: Ensorcelled Hibernation
    37 | D        | Noticed an ogre
    41 | D        | Killed an ogre
    41 | D        | Reached skill level 9 in Stealth
    41 | D        | Reached XP level 3. HP: 16/16 MP: 7/12
    41 | D        | Reached XP level 4. HP: 21/21 MP: 7/13
    92 | D        | Learned a level 3 spell: Confuse
    96 | D        | Learned a level 3 spell: Dazzling Spray
    97 | D        | Noticed Sigmund
    99 | D        | Killed Sigmund
    99 | D        | Reached skill level 11 in Stealth
    99 | D        | Reached XP level 5. HP: 24/24 MP: 14/17
   111 | D        | Found a deep blue altar of Sif Muna.
   113 | D        | Found a radiant altar of Vehumet.
   117 | D        | Reached XP level 6. HP: 28/28 MP: 17/19
   127 | D        | Found Etties's Food Emporium.
   127 | D        | Found an ancient bone altar of Kikubaaqudgha.
   127 | D        | Found a hazy altar of Hepliaklqana.
   127 | D        | Found a stormy altar of Qazlal.
   127 | D        | Found a hide-covered altar of Uskayaw.
   127 | D        | Found a blossoming altar of Fedhas.
   127 | D        | Found a bloodstained altar of Trog.
   127 | D        | Found an iron altar of Okawaru.
   127 | D        | Found a basalt altar of Yredelemnul.
   127 | D        | Found a glowing golden altar of the Shining One.
   127 | D        | Found a snail-covered altar of Cheibriados.
   127 | D        | Found a sacrificial altar of Ru.
   127 | D        | Found a glowing silver altar of Zin.
   127 | D        | Found a shadowy altar of Dithmenos.
   127 | D        | Found a white marble altar of Elyvilon.
   127 | D        | Noticed a yak
   128 | D        | Found an opulent altar of Gozag.
   129 | D        | Killed a yak
   129 | D        | Reached skill level 13 in Stealth
   129 | D        | Reached skill level 10 in Spellcasting
   129 | D        | Reached skill level 10 in Hexes
   130 | D        | Found a sparkling altar of Nemelex Xobeh.
   136 | D        | Became a worshipper of Zin the Law-Giver
   136 | D        | Reached * piety under Zin
   136 | D        | Reached ** piety under Zin
   136 | D        | Reached *** piety under Zin
   136 | D        | Reached **** piety under Zin
   136 | D        | Reached ***** piety under Zin
   136 | D        | Reached ****** piety under Zin
   138 | D        | Donated 80 gold pieces to Zin
   170 | D        | Found a burning altar of Makhleb.
   170 | D        | Found a viscous altar of Jiyva.
   170 | D        | Found a shimmering altar of Xom.
   170 | D        | Found a corrupted altar of Lugonu.
   170 | D        | Noticed a slime creature
   174 | D        | Killed a slime creature
   174 | D        | Reached skill level 14 in Stealth
   174 | D        | Reached XP level 7. HP: 32/32 MP: 14/22
   218 | D        | Noticed Sonja
   222 | D        | Killed Sonja
   222 | D        | Reached skill level 15 in Stealth
   222 | D        | Reached XP level 8. HP: 36/36 MP: 23/25
   239 | D        | Found Lusiunla's Gadget Boutique.
   251 | D        | Noticed a shining eye
   251 | D        | Noticed a shining eye
   251 | D        | Noticed a shining eye
   251 | D        | Noticed a shining eye
   251 | D        | Noticed a shining eye
   251 | D        | Noticed a shining eye
   253 | D        | Reached skill level 16 in Stealth
   254 | D        | Noticed a shining eye
   254 | D        | Noticed a shining eye
   256 | D        | Killed a shining eye
   258 | D        | Killed a shining eye
   258 | D        | Reached skill level 17 in Stealth
   258 | D        | Reached XP level 9. HP: 39/39 MP: 25/27
   263 | D        | Killed a shining eye
   263 | D        | Reached skill level 18 in Stealth
   270 | D        | Killed a shining eye
   270 | D        | Paralysed by a floating eye for 2 turns
   275 | D        | Paralysed by a floating eye for 4 turns
   282 | D        | Paralysed by a floating eye for 3 turns
   286 | D        | Reached skill level 15 in Hexes
   292 | D        | Paralysed by a floating eye for 4 turns
   306 | D        | Banished a shining eye
   306 | D        | Reached skill level 19 in Stealth
   306 | D        | Reached skill level 15 in Spellcasting
   335 | D        | Found Kuupni's Distillery.
   335 | D        | Found Amugumid's Gadget Shoppe.
   335 | D        | Found Camnuyv's General Store.
   335 | D        | Found Pufijil's Food Emporium.
   401 | D        | Killed a shining eye
   516 | D        | Noticed a deep troll
   520 | D        | Killed a deep troll
   520 | D        | Reached XP level 10. HP: 44/44 MP: 30/30
   541 | D        | Found Zeguhid's Armour Emporium.
   562 | D        | Noticed a centaur warrior
   562 | D        | Noticed a centaur warrior
   563 | D        | Killed a centaur warrior
   563 | D        | Reached skill level 20 in Stealth
   564 | D        | Killed a centaur warrior
   586 | D        | Killed a shining eye
   588 | D        | Noticed an oklob plant
   590 | D        | Killed an oklob plant
   597 | D        | Reached skill level 21 in Stealth
   622 | D        | Noticed an unseen horror
   623 | D        | Noticed an unseen horror
   629 | D        | Killed an unseen horror
   631 | D        | Killed an unseen horror
   668 | D        | Reached skill level 1 in Invocations
   675 | D        | Reached XP level 11. HP: 47/47 MP: 28/33
   730 | D        | Killed a shining eye
   743 | D        | Reached skill level 22 in Stealth
   781 | D        | Found Xigangi's Food Shoppe.
   781 | D        | Found Pousepsete's Armour Shop.
   781 | D        | Found Dufudec's Assorted Antiques.
   783 | D        | Found Foir's Weapon Emporium.
   783 | D        | Found Rem Juakh's Armour Shop.
   783 | D        | Found Xanefemiu's Antique Weapon Shoppe.
   783 | D        | Found Zadun's Jewellery Boutique.
   783 | D        | Found Oshroi Hafue's Antique Weapon Emporium.
   783 | D        | Found Gakkaiq's Distillery.
   783 | D        | Found Soodghith's Armour Shoppe.
   786 | D        | Found Bapyge's General Store.
   787 | D        | Found Donkoleg's Jewellery Emporium.
   787 | D        | Found Bashroupt's Book Boutique.
   788 | D        | Found Kuduoghu's Book Emporium.
   792 | D        | Bought a potion of invisibility for 96 gold pieces
   792 | D        | Bought a potion of heal wounds for 60 gold pieces
   857 | D        | Noticed a soul eater
   859 | D        | Paralysed by a floating eye for 4 turns
   862 | D        | HP: 1/46 [soul eater/drain life[a kobold demonologist] (13)]
   862 | D        | Slain by an orange demon

Skill      XL: |  1  2  3  4  5  6  7  8  9 10 11 |
---------------+----------------------------------+-----
Stealth        | 6 9 11 14 15 17 19 21 22 | 22.0
Spellcasting   | 4 6 8 9 11 12 13 15 17 | 17.4
Hexes          | 5 7 9 11 12 13 15 17 | 17.8
Invocations    | 1 3 |  3.1
Short Blades   | |  1.1
Dodging        | |  3.0

Action                   |  1- 3 |  4- 6 |  7- 9 | 10-12 || total
-------------------------+-------+-------+-------+-------++-------
Melee: Dagger            |     6 |     4 |    40 |    38 ||    88
 Cast: Ensorcelled Hiber |     1 |     3 |     4 |     7 ||    15
       Dazzling Spray    |       |       |     1 |       ||     1
       Confuse           |       |       |       |     7 ||     7
Invok: Donate Gold       |       |     1 |       |       ||     1
       Recite            |       |       |     1 |       ||     1
  Use: Scroll            |       |       |       |     1 ||     1
 Stab: Sleeping          |     2 |     4 |    10 |    18 ||    34
       Confused          |       |       |       |     4 ||     4
Armor: Troll leather arm |       |       |       |     6 ||     6
Dodge: Dodged            |     4 |     1 |       |     9 ||    14
